 Dungeon Crawl Stone Soup version 0.24-a0-232-g49d9ff8 (webtiles) character file.

Game seed: 7041583150594843567

51 Ijustatesigmund the Shield-Bearer (level 3, 0/26 HPs)
             Began as an Octopode Fighter on Apr 4, 2019.
             Splashed by a jelly's acid (9 damage)
             ... on level 2 of the Dungeon.
             The game lasted 00:02:05 (1111 turns).

Ijustatesigmund the Shield-Bearer (OpFi)            Turns: 1111, Time: 00:02:05

Health: 0/26       AC: -7    Str: 15    XL:     3   Next: 81%
Magic:  3/3        EV: 12    Int: 10    God:
Gold:   110        SH:  9    Dex: 12    Spells: 2/2 levels left

rFire    . . .     SeeInvis .   a - +0 war axe
rCold    . . .     Gourm    .   b - +0 shield
rNeg     . . .     Faith    .   (helmet restricted)
rPois    .         Spirit   .   (no amulet)
rElec    .         Reflect  .   (no ring)
rCorr    .         Harm     .   (no ring)
MR       .....                  (no ring)
Stlth    ++........             (no ring)
HPRegen  0.08/turn              (no ring)
MPRegen  0.08/turn              (no ring)
                                (no ring)
                                (no ring)

@: corroded
A: almost no armour, stealthy swim, amphibious, 8 rings, constrict 8, camouflage
1, gelatinous body 1
a: no special abilities


You were on level 2 of the Dungeon.
You were hungry.

You visited 1 branch of the dungeon, and saw 2 of its levels.

You collected 110 gold pieces.

Inventory:

Hand Weapons
 a - a +0 war axe (weapon)
Missiles
 f - a throwing net (quivered)
Armour
 b - a +0 shield (worn)
Potions
 c - 2 potions of might
 e - 2 potions of lignification
 i - 2 potions of heal wounds {unknown}
Comestibles
 d - 2 rations


   Skills:
 + Level 3.3 Fighting
 * Level 2.9 Axes
 + Level 3.3 Dodging
 + Level 3.4 Shields


You had 2 spell levels left.
You didn't know any spells.
Your spell library was empty.

Dungeon Overview and Level Annotations

Branches:
Dungeon (2/15)

Altars:


Innate Abilities, Weirdness & Mutations

You cannot wear most types of armour.
You are very stealthy in the water. (Stealth+)
You are amphibious.
You can wear up to eight rings at the same time.
You can use your tentacles to constrict eight enemies at once.
Your skin changes colour to match your surroundings (Stealth+).
Your rubbery body absorbs attacks. (AC +1, EV +1)


Message History

Things that are here:
a cursed +0 dagger; a stone; a kobold corpse You open the door. 3 oozes come into view.
Found a hobgoblin skeleton. 6 oozes and 3 jellies come into view.
The ooze quivers.
Found five items.
There is an open door here.
The helpless jelly fails to defend itself.
You hit the jelly. The acid corrodes you!
Your tentacles burn!
You squeeze the jelly.
The jelly is heavily wounded.
The helpless ooze fails to defend itself.
You hit the ooze.
The jelly quivers.
The ooze quivers.
The ooze barely misses you. The jelly hits you.
You are splashed with acid.
The ooze hits the fungus.
The jelly hits you. The acid corrodes you!
You are splashed with acid!
You die...

#.......#
##...
#.......#
#...
#.......#
#...
#.......#
#...
####....#
##...
##..'....#
#....
#.########
#.#..
##.....)##
#..†.
#######@#
####>
J..J÷.JJJ#
##
÷P.÷JP.P.#
.÷...PJJJ#
...P÷÷.PJ#
J.÷P.P.J.#
%....P...#
##########
###########


You could see 3 jellies and 9 oozes.

Vanquished Creatures
  An adder (D:2)
  An ooze (D:1)
  A leopard gecko (D:2)
  7 bats
  A giant cockroach (D:1)
  A goblin (D:2)
  4 hobgoblins
  5 frilled lizards
  8 kobolds
  11 rats
40 creatures vanquished.

Vanquished Creatures (others)
  5 toadstools (D:2)
5 creatures vanquished.

Grand Total: 45 creatures vanquished

Notes
Turn   | Place    | Note
-------+----------+-------------------------------------------
     0 | D:1      | Ijustatesigmund the Octopode Fighter began the quest for
                  | the Orb.
     0 | D:1      | Reached XP level 1. HP: 16/16 MP: 1/1
   102 | D:1      | Reached XP level 2. HP: 21/21 MP: 2/2
   684 | D:2      | Reached XP level 3. HP: 26/26 MP: 3/3
  1111 | D:2      | Splashed by a jelly's acid

Levels and vault maps discovered:
D:1:      onia_arrival_mini_spirals, layout_basic, serial_forest,
          infiniplex_forest_straight_3, infiniplex_forest_lined_1,
          infiniplex_forest_pool, infiniplex_forest_lined_ring,
          infiniplex_forest_straight_2, infiniplex_forest_straight_4,
          kennysheep_decorative_pillar
D:2:      cheibrodos_fertilizer, layout_basic, first_ration,
          columned_hall_lemuel, uniq_natasha

Action                   || total
-------------------------++-------
Melee: War axe           ||    77
       Constrict         ||    15
       Tentacles         ||     8
  Use: Scroll            ||     4
 Stab: Sleeping          ||     9
Armor: Skin              ||    12
Dodge: Dodged            ||    52
Block: Shield            ||    34

Table legend:
 A = Non-vault XP
 B = Vault XP
 C = Vault XP percentage of total XP
 D = Non-vault monster count
 E = Vault monster count
 F = Vault count percentage of total count
                 A         B        C        D         E       F
            +---------+---------+-------+---------+---------+-------
      Total |      67 |       6 |   8.2 |      35 |       5 |  12.5
            +---------+---------+-------+---------+---------+-------
        D:1 |      33 |       0 |   0.0 |      22 |       0 |   0.0
        D:2 |      34 |       6 |  15.0 |      13 |       5 |  27.8
            +---------+---------+-------+---------+---------+-------
